 Dungeon Crawl Stone Soup version 0.30.1-4-g462c640d31 (webtiles) character file.

Game seed: 1704063169311820854

266 FishyPogo the Changer (level 6, -6/44 (48) HPs)
             Began as a Draconian Transmuter on Aug 18, 2023.
             Was a Believer of Makhleb.
             Mangled by a wight
             ... wielding a +2 halberd
              (12 damage)
             ... on level 4 of the Dungeon.
             The game lasted 00:08:27 (3578 turns).

FishyPogo the Changer (Draconian Transmuter)        Turns: 3578, Time: 00:08:29

HP:   -6/44 (48)    AC:  6    Str: 13    XL:     6   Next: 0%
MP:   7/9           EV: 12    Int: 15    God:    Makhleb [**....]
Gold: 165           SH:  0    Dex: 11    Spells: 6/9 levels left

rFire   . .          .
                       - Unarmed
rCold   . . .        (no shield)
rNeg    . . .        (body armour unavailable)
rPois   +            (helmet restricted)
rElec   +            (no cloak)
rCorr   .            (no gloves)
SInv    .            (no boots)
Will    .....        (no amulet)
Stlth   +            m - +4 ring of slaying
HPRegen 0.27/turn    t - ring of poison resistance
MPRegen 0.11/turn

%: clarity
@: on berserk cooldown, drained
A: AC +6, unfitting armour, cold-blooded, clarity, electricity resistance
a: Renounce Religion, Minor Destruction


You were on level 4 of the Dungeon.
You worshipped Makhleb.
Makhleb was pleased with you.
You visited 1 branch of the dungeon, and saw 4 of its levels.

You collected 165 gold pieces.

Inventory:

Hand Weapons
 v - a +2 short sword of draining
Missiles
 h - 38 stones
 u - 2 poisoned darts
 A - 5 boomerangs
Magical Staves
 e - a staff of cold
 r - a staff of fire
Jewellery
 m - a +4 ring of slaying (left hand)
 t - a ring of poison resistance (right hand)
Scrolls
 b - 2 scrolls of teleportation
 d - a scroll of immolation
 g - 6 scrolls of identify {unknown}
 i - a scroll of silence {unknown}
 j - a scroll of vulnerability {unknown}
 p - a scroll of fog {unknown}
 w - a scroll of enchant weapon {unknown}
 x - a scroll of fear
 y - a scroll of brand weapon {unknown}
Potions
 a - a potion of lignification
 c - a potion of magic {unknown}
 k - a potion of brilliance {unknown}
 l - 2 potions of curing {unknown}
 n - 3 potions of mutation
 o - 3 potions of berserk rage
 B - a potion of heal wounds {unknown}


   Skills:
 - Level 2.0 Fighting
 - Level 2.0 Dodging
 + Level 4.0 Unarmed Combat
 - Level 2.0 Spellcasting
 * Level 4.2 Transmutations
 - Level 3.0 Poison Magic


You had 6 spell levels left.
You knew the following spells:

 Your Spells              Type           Power      Damage    Failure   Level
a - Beastly Appendage     Tmut           28%        N/A       3%          1
b - Wereblood             Tmut           14%        N/A       6%          2

Your spell library contained the following spells:

 Spells                   Type           Power      Damage    Failure   Level
 Passwall                 Tmut/Erth      5%         N/A       14%         2
 Spider Form              Tmut/Pois      12%        N/A       16%         3
 Shock                    Conj/Air       4%         1d3       22%         1
 Slow                     Hex            4%         N/A       22%         1
 Summon Small Mammal      Summ           4%         N/A       22%         1
 Ensorcelled Hibernation  Hex/Ice        2%         N/A       32%         2
 Call Canine Familiar     Summ           1%         N/A       54%         3
 Confusing Touch          Hex            1%         N/A       54%         3
 Summon Guardian Golem    Hex/Summ       1%         N/A       54%         3
 Swiftness                Air            1%         N/A       54%         3
 Vampiric Draining        Necr           1%         2d6       54%         3
 Ice Form                 Ice/Tmut       7%         N/A       67%         4
 Airstrike                Air            0%         2d(1-17)  91%         4


Dungeon Overview and Level Annotations

Branches:
Dungeon (4/15)             Temple (0/1) D:4

Altars:
Makhleb
Sif Muna
Uskayaw
Vehumet

Shops:
D:2 =   D:4 (


Innate Abilities, Weirdness & Mutations

Your plain brown scales are hard. (AC +6)
You cannot fit into any form of body armour.
You are cold-blooded and may be slowed by cold attacks.
You possess an exceptional clarity of mind.
You are resistant to electric shocks. (rElec)


Message History

Your thoughts seem clearer.
You feel insulated.
The wight hits you from afar with a +2 halberd!
* * * LOW HITPOINT WARNING * * *
It was a potion of berserk rage.
A red film seems to cover your vision as you go berserk!
You feel yourself moving faster!
You feel mighty!
The wight hits you from afar with a +2 halberd.
* * * LOW HITPOINT WARNING * * *
You feel drained.
* * * LOW HITPOINT WARNING * * *
Unknown command.
Unknown command.
You cannot move.
You are too berserk!
You are too berserk!
You cannot move.
You swing at nothing.
You feel a strong urge to attack something.
You swing at nothing.
The wight hits you but does no damage.
You swing at nothing.
You feel your anger nearly subside. The wight hits you but does no damage.
You swing at nothing.
You are no longer berserk.
You are exhausted.
You feel yourself slow down.
It was a potion of haste.
You feel yourself speed up.
You creak as the wereblood boils in your veins!
Your transformation is almost over.
Your primal bloodlust is almost over.
The wight hits you but does no damage. x2
It was a potion of invisibility.
You fade into invisibility!
The wight hits you but does no damage.
It was a potion of cancellation.
Your magical effects are unravelling.
You feel magically purged.
You feel less wooden.
You feel yourself speed up.
You feel yourself slow down.
You flicker back into view.
Your primal bloodlust has ended.
The wight hits you from afar with a +2 halberd!
You die...

### #.. #.####+###
#z##.....##
#)#.......#.
#@#.......#.######
#.'..._...+......#
#######
###.......#......#
##.....#
#...)...#.......
.......#
##.....##.......
.......#
###'####.......
.......#
#####..###.......
.......#
#.......##......#
.......#
#.#####.##......#


You could see a wight (inner flame).

Vanquished Creatures
  2 wights (D:4)
  A sleepcap (D:4)
  4 adders
  An ufetubus (D:4)
  A worm (D:3)
  2 dart slugs
  An orc (D:4)
  8 ball pythons
  11 endoplasms
  6 giant cockroaches
  15 goblins
  5 hobgoblins
  5 jackals
  4 kobolds
  8 bats
  4 frilled lizards
  8 rats
86 creatures vanquished.

Notes
Turn   | Place    | Note
-------+----------+-------------------------------------------
     0 | D:1      | FishyPogo the Draconian Transmuter began the quest for the
                  | Orb.
     0 | D:1      | Reached XP level 1. HP: 16/16 MP: 3/3
   150 | D:1      | Reached XP level 2. HP: 19/23 MP: 3/5
   388 | D:1      | Learned a level 2 spell: Wereblood
  1059 | D:2      | Reached XP level 3. HP: 29/29 MP: 4/6
  1166 | D:2      | Found Mahuraargh's Jewellery Boutique.
  1215 | D:2      | Found a shimmering blue altar of Sif Muna.
  1232 | D:2      | Reached skill level 1 in Poison Magic
  2131 | D:3      | Reached XP level 4. HP: 33/36 MP: 5/7
  2668 | D:3      | Found a faded altar of an unknown god.
  2825 | D:3      | Prayed at the altar of an unknown god.
  2825 | D:3      | Became a worshipper of Makhleb the Destroyer
  2825 | D:3      | Reached * piety under Makhleb
  2937 | D:4      | Found a staircase to the Ecumenical Temple.
  3053 | D:4      | Found Niypo's Antique Weapon Emporium.
  3087 | D:4      | Noticed a +0 dagger
  3087 | D:4      | Noticed a +0 dagger
  3088 | D:4      | Found a hide-covered altar of Uskayaw.
  3113 | D:4      | Reached XP level 5. HP: 41/41 MP: 6/8
  3534 | D:4      | Found a radiant altar of Vehumet.
  3563 | D:4      | Reached ** piety under Makhleb
  3564 | D:4      | Reached XP level 6. HP: 19/48 MP: 6/9
  3570 | D:4      | Gained mutation: You possess an exceptional clarity of
                  | mind. [potion of mutation]
  3570 | D:4      | Gained mutation: You are resistant to electric shocks.
                  | (rElec) [potion of mutation]
  3578 | D:4      | Mangled by a wight

Illustrated notes

Levels and vault maps discovered:
D:1:      lightli_arrival_noodles, layout_basic, minmay_parallelograms,
          minmay_distorted
D:2:      layout_loops_corners, basic_altar, serial_shops, shop, minivault_14,
          minmay_pentomino_pile
D:3:      minmay_diamond_boxcup, layout_loops_ring,
          nicolae_ecumenical_lake_church
D:4:      kennysheep_the_goblin_king, layout_basic, nicolae_vehumet_altar_sigil,
          dancing_weapons_uskayaw, temple_doors_e, serial_shops,
          nicolae_shop_window_shopping

Skill      XL: |  1  2  3  4  5 |
---------------+----------------+-----
Dodging        | 2 |  2.0
Fighting       | 2 |  2.0
Poison Magic   | 1 2 3 |  3.0
Transmutations | 3 4 |  4.2
Unarmed Combat | 4 |  4.0
Spellcasting   | |  2.0

Action                     |  1- 3 |  4- 6 || total
---------------------------+-------+-------++-------
  Melee: Unarmed           |    91 |    69 ||   160
         Kick              |    23 |    11 ||    34
         Tailslap          |    11 |     4 ||    15
         Headbutt          |     4 |     7 ||    11
         Punch             |       |     1 ||     1
   Cast: Beastly Appendage |    36 |    23 ||    59
         Wereblood         |     1 |     2 ||     3
    Use: Potion            |       |     6 ||     6
         Scroll            |       |     4 ||     4
   Stab: Sleeping          |     2 |     1 ||     3
 Armour: Skin              |    31 |    33 ||    64
  Dodge: Dodged            |    51 |    53 ||   104
